 Dungeon Crawl Stone Soup version 0.18.1-48-g4cf74bf (webtiles) character file.

5357 tyranidshit the Fighter (level 10, -20/93 HPs)
             Began as a Minotaur Berserker on July 15, 2016.
             Was a High Priest of Trog.
             Demolished by a hill giant
             ... wielding a cursed -1 giant club
              (29 damage)
             ... on level 10 of the Dungeon.
             The game lasted 00:30:31 (6295 turns).

tyranidshit the Fighter (Minotaur Berserker)        Turns: 6295, Time: 00:30:32

Health: -20/93     AC: 15    Str: 23    XL:     10   Next: 39%
Magic:  9/9        EV:  5    Int:  4    God:    Trog [*****.]
Gold:   492        SH: 17    Dex: 12    Spells: 0 memorised, 9 levels left

rFire  . . .     SeeInvis .     a - +1 hand axe
rCold  . . .     Gourm    .     g - +0 plate armour
rNeg   . . .     Faith    .     e - +0 large shield
rPois  +         Spirit   .     (helmet restricted)
rElec  .         Dismiss  .     f - +0 cloak
rCorr  .         Reflect  .     (no gloves)
SustAt .         Harm     .     (no boots)
MR     ++...                    (no amulet)
Stlth  ..........               o - ring of poison resistance
                                l - +1 ring of evasion

@: regenerating, slowed, very slow, very resistant to hostile enchantments,
extremely unstealthy
A: retaliatory headbutt, horns 2
a: Berserk, Trog's Hand, Brothers in Arms, Burn Spellbooks, Renounce Religion


You were on level 10 of the Dungeon.
You worshipped Trog.
Trog was extremely pleased with you.
You were not hungry.

You visited 1 branch of the dungeon, and saw 10 of its levels.
You visited the Abyss 1 time.

You collected 492 gold pieces.

Inventory:

Hand Weapons
 a - a +1 hand axe (weapon)
 r - a +0 short sword
Missiles
 j - 6 steel javelins (quivered)
 k - 2 poisoned tomahawks
Armour
 e - a +0 large shield (worn)
 f - a +0 cloak (worn)
 g - a +0 plate armour (worn)
Jewellery
 l - a +1 ring of evasion (left hand)
 o - a ring of poison resistance (right hand)
 q - an uncursed ring of ice
 t - a +1 ring of protection
 C - an uncursed ring of protection from fire
Wands
 b - a wand of flame (15/48)
 d - a wand of iceblast (11/15)
 i - a wand of iceblast (9/15)
 n - a wand of slowing (48/48)
 w - a wand of flame (11/48)
Scrolls
 s - 3 scrolls of identify
 u - a scroll of magic mapping
 y - 3 scrolls of remove curse
Potions
 c - a potion of might
 h - a potion of lignification {unknown}
 m - a potion of flight
 p - 3 potions of brilliance
 v - a potion of curing
 z - a potion of haste {unknown}
 A - a potion of degeneration {unknown}
Comestibles
 x - 2 bread rations
 B - 8 slices of pizza


   Skills:
 - Level 10.1 Fighting
 + Level 10.0 Axes
 + Level 9.5 Armour
 - Level 2.1 Dodging
 + Level 9.0 Shields


You had 9 spell levels left.
You didn't know any spells.

Dungeon Overview and Level Annotations

Branches:
Dungeon (10/15)            Temple (0/1) D:7             Orc (0/2) D:10
   Lair: D:8-11

Altars:
Ashenzari
Dithmenos
Nemelex Xobeh
Ru
Sif Muna
Trog
Yredelemnul
Zin
The Shining One

Annotations:
D:10 Sonja


Innate Abilities, Weirdness & Mutations

You reflexively headbutt those who attack you in melee.
You have a pair of horns on your head.


Message History

The orc barely misses you. You furiously retaliate!
You headbutt the orc.
You kill the orc!
Trog accepts your kill.
Drink which item? (? for menu, Esc to quit)
You can't drink that!
Drink which item? (? for menu, Esc to quit)
You feel better.
The orc priest mumbles some strange prayers to Beogh against you.
Beogh smites you!
* * * LOW HITPOINT WARNING * * *
The hill giant hits you with a giant club!
* * * LOW HITPOINT WARNING * * *
You block the orc priest's attack.
The hill giant hits you with a giant club!
* * * LOW HITPOINT WARNING * * *
You hit the orc priest. You headbutt the orc priest.
The orc priest is lightly wounded.
You barely miss the hill giant. You block the orc priest's attack.
The hill giant hits you with a giant club!!
You die...

### #.#.+ #..# ..#
#.#.# #.#..# ..###
#.#.# # #.#..#
)...###.#.# ##.#.#..#
..#.)>..#.# ..#.#..#
..##....#.+####'.#..#
####....#........#)#
........'########C.#
####............@o.#
#.....[.#########
#.......# #########


You could see a hill giant and an orc priest.

Vanquished Creatures
  Erolcha (D:10)
  The ghost of Rationalist the Shield-Bearer, a novice FoFi of Qazlal (D:6)
  Psyche (D:8)
  Grinder (D:3)
  Sigmund (D:2)
  4 yaks (D:9)
  A hippogriff (D:8)
  A water moccasin (D:6)
  2 orc warriors (D:9)
  An ice beast (D:10)
  A necrophage (D:8)
  3 centaurs
  5 ogres
  A giant frog (D:9)
  A big kobold (D:4)
  2 scorpions
  4 killer bees
  3 howler monkeys
  3 crimson imps
  A centaur zombie (D:3)
  2 giant frog skeletons
  3 hounds
  2 centaur skeletons (D:9)
  A jelly (D:9)
  9 orc wizards
  An orc priest (D:9)
  Ijyb (D:2)
  Terence (D:2)
  2 iguanas
  8 worker ants
  3 hound skeletons
  Robin (D:3)
  10 adders
  7 gnolls
  A shadow imp (D:5)
  An adder skeleton (D:4)
  3 worms (D:3)
  2 dart slugs
  3 giant geckos
  23 orcs
  3 bats
  4 giant cockroaches
  15 goblins
  6 hobgoblins
  14 jackals
  A quokka (D:3)
  A ball python (D:1)
  4 giant newts
  13 kobolds
  10 rats
  A spectral orc (D:2)
194 creatures vanquished.

Vanquished Creatures (others)
  4 fungi (D:10)
4 creatures vanquished.

Grand Total: 198 creatures vanquished

Notes
Turn   | Place    | Note
--------------------------------------------------------------
     0 | D:1      | tyranidshit the Minotaur Berserker began the quest for the Orb.
     0 | D:1      | Reached XP level 1. HP: 19/19 MP: 0/0
   104 | D:1      | Reached XP level 2. HP: 22/28 MP: 1/1
   440 | D:1      | Reached skill level 5 in Fighting
   612 | D:2      | Found a basalt altar of Yredelemnul.
   674 | D:2      | Reached XP level 3. HP: 36/36 MP: 2/2
   749 | D:2      | Noticed Sigmund
   772 | D:2      | Killed Sigmund
   772 | D:2      | Reached XP level 4. HP: 26/47 MP: 3/3
   772 | D:2      | Reached XP level 5. HP: 29/52 MP: 4/4
   804 | D:2      | Noticed Terence
   809 | D:2      | Killed Terence
   809 | D:2      | Reached ** piety under Trog
   844 | D:2      | Noticed Ijyb
   854 | D:2      | Killed Ijyb
  1228 | D:3      | Reached XP level 6. HP: 61/61 MP: 5/5
  1521 | D:3      | Noticed Robin
  1533 | D:3      | Killed Robin
  1641 | D:3      | Noticed Grinder
  1657 | D:3      | Paralysed by Grinder for 6 turns
  1669 | D:3      | Paralysed by Grinder for 2 turns
  1672 | D:3      | Killed Grinder
  1672 | D:3      | Reached XP level 7. HP: 12/70 MP: 6/6
  1765 | D:3      | Reached *** piety under Trog
  2002 | D:3      | Reached skill level 10 in Fighting
  2350 | D:4      | Reached skill level 1 in Shields
  2825 | D:4      | Found a sparkling altar of Nemelex Xobeh.
  2980 | D:4      | Reached **** piety under Trog
  3076 | D:5      | Entered Level 5 of the Dungeon
  3116 | D:5      | Reached skill level 5 in Axes
  3116 | D:5      | Reached XP level 8. HP: 65/79 MP: 7/7
  3240 | D:5      | Found a deep blue altar of Sif Muna.
  3304 | D:5      | Found a glowing golden altar of the Shining One.
  3426 | D:5      | Found a shadowy altar of Dithmenos.
  3712 | D:6      | Reached skill level 5 in Armour
  3764 | D:6      | Noticed Rationalist's ghost (novice FoFi)
  3794 | D:6      | Killed Rationalist's ghost
  3794 | D:6      | Reached skill level 5 in Shields
  4148 | D:6      | Found a bloodstained altar of Trog.
  4150 | D:6      | Found a sacrificial altar of Ru.
  4235 | D:7      | Reached XP level 9. HP: 66/85 MP: 8/8
  4535 | D:7      | Found a staircase to the Ecumenical Temple.
  4805 | D:8      | Noticed Psyche
  4816 | D:8      | Killed Psyche
  4892 | D:8      | Found a shattered altar of Ashenzari.
  5058 | D:8      | Found a glowing silver altar of Zin.
  5497 | D:9      | Reached ***** piety under Trog
  5757 | D:9      | Reached XP level 10. HP: 47/93 MP: 9/9
  5811 | D:9      | HP: 4/93 [cloud of flame (9)]
  6000 | D:10     | Entered Level 10 of the Dungeon
  6000 | D:10     | Noticed Sonja
  6002 | D:10     | Cast into level 2 of the Abyss (Sonja)
  6033 | Abyss:2  | Found a corrupted altar of Lugonu.
  6120 | Abyss:2  | Noticed a large abomination
  6136 | D:10     | Escaped the Abyss
  6137 | D:10     | Found a staircase to the Orcish Mines.
  6246 | D:10     | Noticed Erolcha
  6254 | D:10     | Killed Erolcha
  6254 | D:10     | Reached skill level 10 in Axes
  6289 | D:10     | Noticed a hill giant
  6295 | D:10     | Demolished by a hill giant

Skill      XL: |  1  2  3  4  5  6  7  8  9 10 |
---------------+-------------------------------+-----
Fighting       | 4 5 7 8 9 10 | 10.1
Shields        | 3 5 8 9 |  9.0
Axes           | 5 6 9 10 | 10.0
Armour         | 4 6 8 9 |  9.5
Dodging        | |  2.1

Action                   |  1- 3 |  4- 6 |  7- 9 | 10-12 || total
-------------------------+-------+-------+-------+-------++-------
Melee: Hand axe          |    64 |    79 |   482 |    74 ||   699
       Headbutt          |    10 |     8 |   129 |    17 ||   164
Throw: Javelin           |       |       |     6 |       ||     6
Invok: Berserk           |       |     1 |     3 |     3 ||     7
       Trog's Hand       |       |       |     1 |     4 ||     5
  Use: Scroll            |     2 |     4 |     6 |     1 ||    13
       Potion            |     2 |     3 |     2 |     1 ||     8
 Stab: Sleeping          |       |       |       |     1 ||     1
  Eat: Bread ration      |       |     1 |     2 |     1 ||     4
       Royal jelly       |       |       |     1 |       ||     1
       Meat ration       |       |       |     1 |       ||     1
       Fruit             |       |       |     2 |       ||     2
       Beef jerky        |       |       |     1 |       ||     1
       Chunk             |       |       |     1 |       ||     1
Armor: Chain mail        |    16 |       |       |       ||    16
       Animal skin       |     1 |       |       |       ||     1
       Plate armour      |    18 |    61 |   182 |    33 ||   294
Dodge: Dodged            |    24 |     8 |    42 |    14 ||    88
Block: Large shield      |    17 |    69 |   377 |    67 ||   530
